 Dungeon Crawl Stone Soup version 0.16-a0-2179-gb75b79b (webtiles) character file.

178 Medar the Grasshopper (level 5, -3/26 HPs)
             Began as a Vine Stalker Warper on Nov 14, 2014.
             Was an Initiate of Gozag.
             Slain by an adder (4 damage)
             ... on level 3 of the Dungeon.
             The game lasted 00:09:46 (2463 turns).

Medar the Grasshopper (Vine Stalker Warper)         Turns: 2463, Time: 00:09:46

Health: -3/26      AC:  2    Str: 17    XL:     5   Next: 58%
Magic:  0/13       EV: 12    Int: 14    God:    Gozag
Gold:   157        SH:  0    Dex: 13    Spells: 3 memorised, 5 levels left

rFire  . . .     SeeInvis .       - Unarmed
rCold  . . .     Clarity  .     s - +0 robe
rNeg   . . .     SustAb   .     (no shield)
rPois  .         Gourm    .     (no helmet)
rElec  .         Spirit   +     (no cloak)
rCorr  .         Warding  .     (no gloves)
rMut   .         Stasis   .     (no boots)
MR     .....                    (no amulet)
Stlth  +.........               (no ring)
                                g - +3 ring of strength

@: very slightly contaminated, not resistant to hostile enchantments, very
unstealthy
A: fangs 2, regeneration 1, magic shield, antimagic bite, no device heal 3, rot
immunity
a: Potion Petition, Call Merchant, Bribe Branch, Renounce Religion


You were on level 3 of the Dungeon.
You worshipped Gozag.
Gozag was noncommittal.
You were not hungry.

You visited 1 branch of the dungeon, and saw 3 of its levels.

You collected 265 gold pieces.
You paid 108 gold pieces to Gozag.

Inventory:

Missiles
 f - 3 poisoned needles
 l - 4 tomahawks (quivered)
Armour
 s - a +0 robe (worn)
Jewellery
 g - a +3 ring of strength (left hand)
Magical devices
 q - a wand of polymorph (0)
 r - a wand of confusion (14)
Scrolls
 b - a scroll of identify {@r2}
 d - a scroll of blinking
 e - a scroll of remove curse {unknown}
 i - 3 scrolls of teleportation
 k - a scroll of immolation {unknown}
 m - a scroll of noise {unknown}
 u - a scroll of fog
Potions
 j - 2 potions of invisibility {unknown}
 n - a potion of brilliance
 o - a potion of restore abilities
 p - 3 potions of curing {@q1}
 v - a potion of poison {unknown}
Books
 c - a book of Spatial Translocations

   Spells                             Type                      Level
   *Apportation                       Translocation                1
   *Blink                             Translocation                2
   *Shroud of Golubria                Charms/Translocation         2
   Portal Projectile                  Translocation                3
   Teleport Other                     Translocation                3
   Passage of Golubria                Translocation                4
Comestibles
 a - 2 bread rations
 h - 2 meat rations
 t - a royal jelly


   Skills:
 - Level 1.7 Fighting
 - Level 0.8 Throwing
 - Level 0.7 Armour
 - Level 1.5 Dodging
 - Level 3.5 Unarmed Combat
 + Level 3.3 Spellcasting
 + Level 1.9 Charms
 + Level 4.0 Translocations


You had 5 spell levels left.
You knew the following spells:

 Your Spells              Type           Power        Failure   Level  Hunger
o - Apportation           Tloc           ##........   4%          1    #......
t - Shroud of Golubria    Chrm/Tloc      ##........   12%         2    ##.....
w - Blink                 Tloc           N/A          10%         2    ##.....


Dungeon Overview and Level Annotations

Branches:
Dungeon (3/15)

Altars:
Gozag
Okawaru
Qazlal


Innate Abilities, Weirdness & Mutations

You have extremely sharp teeth.
Your natural rate of healing is unusually fast.
When hurt, damage is shared between your health and your magic reserves.
Your bite disrupts and absorbs the magic of your enemies.
Potions and wands cannot restore your health.
You are immune to rotting.


Message History

The adder resists with significant effort.
Evoking this partially-identified wand wasted a few charges.
The adder bites you but does no damage. The adder closely misses you.
You miss the adder. Your bite misses the adder.
The adder is almost dead.
The adder closely misses you.
You miss the adder.
The adder is almost dead.
The adder closely misses you.
You barely miss the adder. Your bite misses the adder.
The adder is almost dead.
You feel sick. The adder closely misses you.
You closely miss the adder. Your bite misses the adder.
The adder is almost dead.
The adder barely misses you. The adder bites you.
* * * LOW HITPOINT WARNING * * *
Drink which item? (? for menu, Esc to quit)
You feel better. The adder bites you.
You die...
Your body crumbles into a pile of gold.

#.....#≈♣♣≈♣#♣≈#..........###
##.....#P♣#♣≈♣≈♣##............
#.>....#♣#♣≈≈≈♣#♣#..........##
####......##♣≈♣≈♣# ≈#............
...........#≈♣#♣≈♣♣≈#..........##
####.......'≈♣♣#♣≈≈##......###...
#.......##≈P♣##'##......# ###
#.......######S.........#
#............@..........##
####........................#####
...#.............................
##.#......................#..####
#.#.......)..............#..##
#.##.....................#...#
#.##.....................#.#.#
#.##......[..............#.#.##
#.##.....................#.#..#


You could see an adder.

Vanquished Creatures
  Sigmund (D:3)
  Jessica (D:2)
  3 adders
  A worm (D:2)
  2 oozes
  An orc (D:3)
  A ball python (D:2)
  4 bats
  12 goblins
  7 hobgoblins
  4 kobolds
  5 giant cockroaches
  4 giant newts
  5 rats
51 creatures vanquished.

Notes
Turn   | Place    | Note
--------------------------------------------------------------
     0 | D:1      | Medar, the Vine Stalker Warper, began the quest for the Orb.
     0 | D:1      | Reached XP level 1. HP: 11/11 MP: 3/3
   170 | D:1      | Reached XP level 2. HP: 15/15 MP: 5/5
   770 | D:1      | Reached XP level 3. HP: 18/18 MP: 7/7
  1000 | D:2      | Learned a level 2 spell: Blink
  1003 | D:2      | Learned a level 2 spell: Shroud of Golubria
  1006 | D:2      | Noticed Jessica
  1077 | D:2      | Killed Jessica
  1246 | D:2      | Reached XP level 4. HP: 15/23 MP: 7/9
  1840 | D:3      | Reached skill level 1 in Charms
  2037 | D:3      | Found an opulent altar of Gozag.
  2043 | D:3      | Became a worshipper of Gozag Ym Sagoz the Greedy
  2129 | D:3      | Found a stormy altar of Qazlal.
  2131 | D:3      | Found an iron altar of Okawaru.
  2222 | D:3      | Noticed Sigmund
  2268 | D:3      | Killed Sigmund
  2268 | D:3      | Reached skill level 4 in Translocations
  2268 | D:3      | Reached XP level 5. HP: 26/26 MP: 11/13
  2462 | D:3      | HP: 1/26 [adder (3)]
  2463 | D:3      | Slain by an adder

Action                   |  1- 3 |  4- 6 || total
-------------------------+-------+-------++-------
Melee: Unarmed           |    94 |    93 ||   187
Throw: Tomahawk          |    14 |       ||    14
 Cast: Shroud of Golubri |       |     6 ||     6
       Blink             |       |     1 ||     1
Evoke: Wand              |       |     5 ||     5
  Use: Scroll            |       |     4 ||     4
       Potion            |       |     3 ||     3
 Stab: Sleeping          |     1 |     1 ||     2
  Eat: Chunk             |     1 |     3 ||     4
       Beef jerky        |       |     1 ||     1
